 Dungeon Crawl Stone Soup version 0.17-a0-1591-g7a45446 (webtiles) character file.

457 wvc the Sneak (level 6, -1/29 HPs)
             Began as a Spriggan Artificer on July 29, 2015.
             Was an Initiate of Ashenzari.
             Slain by a kobold
             ... wielding a +0 club
              (2 damage)
             ... on level 5 of the Dungeon.
             The game lasted 00:10:35 (4825 turns).

wvc the Sneak (Spriggan Artificer)                  Turns: 4825, Time: 00:10:35

Health: -1/29      AC:  2    Str:  9    XL:     6   Next: 77%
Magic:  10/10      EV: 18    Int: 13    God:    Ashenzari [......]
Gold:   255        SH:  6    Dex: 19    Spells: 0 memorised, 5 levels left

rFire  . . .     SeeInvis +     o - +0 rapier (curse)
rCold  . . .     Clarity  .     b - +0 robe
rNeg   . . .     SustAt   .     j - +0 buckler
rPois  .         Gourm    .     (helmet restricted)
rElec  .         Spirit   .     (no cloak)
rCorr  .         Warding  .     (gloves unavailable)
rMut   .         Stasis   .     (boots unavailable)
MR     +....                    (no amulet)
Stlth  ++++......               n - +3 ring of slaying (curse)
                                k - +2 ring of strength

@: lethally poisoned (-1 -> -2), very quick, somewhat resistant to hostile
enchantments, stealthy
A: unfitting armour, see invisible, herbivore 3, speed 3, slow metabolism 2
a: Renounce Religion


You were on level 5 of the Dungeon.
You worshipped Ashenzari.
Ashenzari was noncommittal.
You were not hungry.

You visited 2 branches of the dungeon, and saw 6 of its levels.

You collected 255 gold pieces.

Inventory:

Hand weapons
 a - a +0 short sword
 g - a +0 rapier
 o - a cursed +0 rapier (weapon)
Missiles
 m - 46 poisoned needles
Armour
 b - a +0 robe (worn)
 j - a +0 buckler (worn)
Jewellery
 k - a +2 ring of strength (left hand)
 n - a cursed +3 ring of slaying (right hand)
Magical devices
 c - a wand of flame (31)
 d - a wand of enslavement (15)
 e - a wand of random effects (12)
 u - a wand of polymorph (10)
Scrolls
 p - a scroll of amnesia
 t - a scroll of curse jewellery
Potions
 h - a potion of heal wounds {unknown}
 i - a potion of resistance
 l - a potion of flight
 r - a potion of brilliance
 s - a potion of haste
Miscellaneous
 q - a plain deck of defence
Comestibles
 f - 4 bread rations


   Skills:
 - Level 0.7 Fighting
 * Level 5.2 Short Blades
 - Level 3.0 Dodging
 + Level 6.9 Stealth
 + Level 0.4 Shields
 - Level 5.2 Evocations


You had 5 spell levels left.
You didn't know any spells.

Dungeon Overview and Level Annotations

Branches:
Dungeon (5/15)             Temple (1/1) D:4

Altars:
Ashenzari
Cheibriados
Dithmenos
Elyvilon
Fedhas
Gozag
Kikubaaqudgha
Makhleb
Nemelex Xobeh
Okawaru
Qazlal
Sif Muna
Trog
Vehumet
Xom
Yredelemnul
Zin
The Shining One

Annotations:
D:5 exclusion: ogre


Innate Abilities, Weirdness & Mutations

You are tiny and cannot use many weapons and most armour.
You have supernaturally acute eyesight.
You are a herbivore.
You cover ground extremely quickly.
You need consume almost no food.


Message History

You closely miss the phantom. The phantom barely misses you.
You hit the phantom but do no damage. The phantom hits you.
You barely miss the phantom.
You feel sick. The phantom barely misses you.
You closely miss the phantom. The phantom completely misses you.
You hit the phantom but do no damage. You block the phantom's attack.
You puncture the phantom!
The phantom is lightly damaged.
The phantom blinks!
You barely miss the phantom.
The phantom is lightly damaged.
You feel sick. The phantom hits you.
You hit the phantom but do no damage.
The phantom is lightly damaged.
The phantom misses you. You block the kobold's attack.
You closely miss the phantom.
The phantom is lightly damaged.
The phantom hits you!
* * * LOW HITPOINT WARNING * * *
The phantom blinks!
The kobold hits you with a club.
You die...

##>........
#...###....
#..## ... #.##
. #.# #.# #.#
#K# #@# #ยง##
#..#### .##
##.....### ..#
#W###....###
...# ###
###....####....
##..........#
###.......#
##.....##


You could see a phantom and a kobold.

Vanquished Creatures
  A hungry ghost (D:5)
  A scorpion (D:5)
  2 orc wizards (D:3)
  2 worker ants (D:4)
  A hound skeleton (D:4)
  2 adders
  A shadow imp (D:5)
  2 gnolls (D:5)
  3 oozes
  An adder skeleton (D:4)
  2 worms (D:2)
  A giant gecko (D:4)
  11 orcs
  A ball python (D:3)
  A bat skeleton (D:4)
  6 giant cockroaches
  14 hobgoblins
  3 jackals (D:3)
  8 kobolds
  12 bats
  5 giant newts
  9 goblins
  A jackal zombie (D:5)
  6 rats
96 creatures vanquished.

Notes
Turn   | Place    | Note
--------------------------------------------------------------
     0 | D:1      | wvc the Spriggan Artificer began the quest for the Orb.
     0 | D:1      | Reached XP level 1. HP: 9/9 MP: 4/4
   193 | D:1      | Reached XP level 2. HP: 14/14 MP: 6/6
   807 | D:2      | Reached skill level 5 in Evocations
   817 | D:2      | Found a white marble altar of Elyvilon.
   971 | D:2      | Reached XP level 3. HP: 10/17 MP: 7/7
  1829 | D:3      | Reached XP level 4. HP: 3/21 MP: 8/8
  3115 | D:3      | Reached XP level 5. HP: 9/25 MP: 9/9
  3388 | D:4      | Reached skill level 5 in Stealth
  3517 | D:4      | Found a staircase to the Ecumenical Temple.
  3526 | Temple   | Entered the Ecumenical Temple
  3756 | Temple   | Became a worshipper of Ashenzari the Shackled
  4185 | D:5      | Entered Level 5 of the Dungeon
  4190 | D:5      | Noticed a hungry ghost
  4198 | D:5      | Killed a hungry ghost
  4198 | D:5      | Reached skill level 6 in Stealth
  4198 | D:5      | Reached XP level 6. HP: 29/29 MP: 10/10
  4223 | D:5      | Noticed an ogre
  4228 | D:5      | Reached skill level 5 in Short Blades
  4825 | D:5      | HP: 1/29 [phantom (9)]
  4825 | D:5      | Slain by a kobold

Vault maps used:
D:1:      denvon_arrival_planthouse
D:2:      elyvilon_altar_5
D:4:      temple_hall
D:5:      first_bread, amalloy_card_club
Temple:   minmay_crystal_snake_temple_18

Action                   |  1- 3 |  4- 6 || total
-------------------------+-------+-------++-------
Melee: Short sword       |    32 |       ||    32
       Rapier            |    68 |   165 ||   233
Evoke: Wand              |     1 |    12 ||    13
  Use: Scroll            |     7 |     4 ||    11
 Stab: Sleeping          |     9 |    12 ||    21
  Eat: Pizza             |       |     1 ||     1
